 Dungeon Crawl Stone Soup version 0.27-a0-1060-gcb85b5eba1 (webtiles) character file.

Game seed: 339223434848872444

28 Ijustatesigmund the Skirmisher (level 3, 5/29 HPs)
             Began as a Demonspawn Fighter on Apr 21, 2021.
             Quit the game on level 1 of the Dungeon.
             The game lasted 00:01:07 (790 turns).

Ijustatesigmund the Skirmisher (Demonspawn Fighter)  Turns: 790, Time: 00:01:07

Health: 5/29       AC:  6    Str: 17    XL:     3   Next: 0%
Magic:  3/3        EV:  7    Int:  9    God:
Gold:   0          SH:  8    Dex: 12    Spells: 2/2 levels left

rFire    . . .     SeeInvis .   a - +0 war axe
rCold    . . .     Faith    .   c - +0 kite shield
rNeg     . . .     Spirit   .   b - +0 scale mail
rPois    .         Reflect  .   (no helmet)
rElec    .         Harm     .   (no cloak)
rCorr    .         Rampage  .   (no gloves)
Will     .....                  (no boots)
Stlth    ..........             (no amulet)
HPRegen  0.09/turn              (no ring)
MPRegen  0.08/turn              (no ring)

@: no status effects
A: demonic magic 2
a: no special abilities


You were on level 1 of the Dungeon.
You visited 1 branch of the dungeon, and saw 1 of its levels.

Inventory:

Hand Weapons
 a - a +0 war axe (weapon)
Armour
 b - a +0 scale mail (worn)
 c - a +0 kite shield (worn)


   Skills:
 + Level 3.2 Fighting
 * Level 2.6 Axes
 - Level 2.6 Armour
 + Level 1.0 Dodging
 - Level 2.6 Shields


You had 2 spell levels left.
You didn't know any spells.
Your spell library contained the following spells:

 Spells                   Type           Power      Damage    Failure   Level
 Beastly Appendage        Tmut           0%         N/A       100%        1
 Wereblood                Tmut           0%         N/A       100%        2
 Spider Form              Tmut/Pois      0%         N/A       100%        3
 Ice Form                 Ice/Tmut       0%         N/A       100%        4
 Hydra Form               Tmut           0%         N/A       100%        5


Dungeon Overview and Level Annotations

Branches:
Dungeon (1/15)

Altars:


Innate Abilities, Weirdness & Mutations

Spells you cast may paralyse nearby enemies.


Message History

The jackal bites you but does no damage.
You block the jackal's attack.
The jackal bites you but does no damage.
You closely miss the jackal.
The jackal is moderately wounded.
The jackal bites you.
* * * LOW HITPOINT WARNING * * *
The jackal bites you.
* * * LOW HITPOINT WARNING * * *
You hit the jackal but do no damage.
The jackal is moderately wounded.
You block the jackal's attack. x2
The jackal bites you but does no damage.
You closely miss the jackal.
The jackal is moderately wounded.
The jackal bites you but does no damage.
You block the jackal's attack.
You closely miss the jackal.
The jackal is moderately wounded.
You block the jackal's attack.
The jackal bites you but does no damage.
You hit the jackal.
The jackal is severely wounded.
The jackal bites you but does no damage. x2
Your scale mail prevents you from hitting the jackal.
The jackal is severely wounded.
The jackal closely misses you. You block the jackal's attack.
The jackal barely misses you.
You slash the jackal!
You kill the jackal!
The endoplasm hits you.
* * * LOW HITPOINT WARNING * * *
You hit the endoplasm.
You kill the endoplasm!
You have reached level 3!
Your experience leads to an increase in your attributes!
Increase (S)trength, (I)ntelligence, or (D)exterity?
You feel stronger.
Your demonic ancestry asserts itself...
Your magic grows more menacing.
Are you sure you want to abandon this character and quit the game? (Confirm with "yes".)

###########
#.........#
#.#######.#
###.#.# #.####
###.#.#.#####.#...
#>............##.#
#.#.#..##.######.#
#..[.........†....
#@#.###.########.#
#g#......# #..
.......†######)##
### ...[....# #.)#
........######..#
........#....)..#
........#.#####.##
# ........# #..# #
.....$..# ##>## ##


You could see a goblin.

Vanquished Creatures
  4 endoplasms (D:1)
  3 goblins (D:1)
  A hobgoblin (D:1)
  9 jackals (D:1)
  A quokka (D:1)
  2 ball pythons (D:1)
  2 bats (D:1)
  A frilled lizard (D:1)
  2 kobolds (D:1)
25 creatures vanquished.

Notes
Turn   | Place    | Note
-------+----------+-------------------------------------------
     0 | D:1      | Ijustatesigmund the Demonspawn Fighter began the quest for
                  | the Orb.
     0 | D:1      | Reached XP level 1. HP: 18/18 MP: 1/1
   352 | D:1      | Gained mutation: Spells you cast may paralyse adjacent
                  | enemies. [demonic ancestry]
   352 | D:1      | Reached XP level 2. HP: 5/24 MP: 2/2
   773 | D:1      | Reached skill level 1 in Dodging
   790 | D:1      | Gained mutation: Spells you cast may paralyse nearby
                  | enemies. [demonic ancestry]
   790 | D:1      | Reached XP level 3. HP: 5/29 MP: 3/3
   790 | D:1      | Quit the game

Illustrated notes

Levels and vault maps discovered:
D:1:      roderic_crossed_star, layout_basic,
          shapermc_ecumenical_altar_starsandcircs, nrook_loot_triangle,
          solitary_fountain

Skill      XL: |  1  2 |
---------------+-------+-----
Axes           | 2 |  2.6
Dodging        | 1 |  1.0
Fighting       | |  3.2
Armour         | |  2.6
Shields        | |  2.6

Action                   || total
-------------------------++-------
Melee: War axe           ||    84
  Use: Potion            ||     1
Armor: Scale mail        ||    46
Dodge: Dodged            ||    30
Block: Kite shield       ||    47

Table legend: (Time is in decaauts)
 A = Elapsed time spent in this place.
 B = Non-inter-level travel time spent in this place.
 C = Inter-level travel time spent in this place.
 D = Time resting spent in this place.
 E = Time spent auto-exploring this place.
 F = Levels seen in this place.
 G = Mean time per level.
                   A        B        C        D        E       F      G
               +--------+--------+--------+--------+--------+-----+--------+
         Total |    842 |    842 |      0 |    244 |    421 |   1 |  842.0 |
       Dungeon |    842 |    842 |      0 |    244 |    421 |   1 |  842.0 |
               +--------+--------+--------+--------+--------+-----+--------+

Top non-repeatable levels by time:
     D:1: 842 daAuts
